 Dungeon Crawl Stone Soup version 0.23.2-40-g277498a001 (webtiles) character file.

Game seed: 7663861721046962788

8743 Amplified the Thaumaturge (level 11, -1/93 HPs)
             Began as a Mummy Skald on Aug 19, 2019.
             Was an Initiate of Gozag.
             Slain by a freezing wraith (9 damage)
             ... in an ice cave.
             The game lasted 00:25:29 (11596 turns).

Amplified the Thaumaturge (Mummy Skald)            Turns: 11596, Time: 00:25:30

Health: -1/93      AC: 10    Str: 15    XL:     11   Next: 13%
Magic:  20/27      EV: 11    Int: 19    God:    Gozag
Gold:   929        SH:  0    Dex: 11    Spells: 24/35 levels left

rFire    x . .     SeeInvis .   k - +2 lajatang (speed)
rCold    + . .     Gourm    .   (shield currently unavailable)
rNeg     + + +     Faith    .   q - +3 leather armour
rPois    ∞         Spirit   .   i - +2 helmet {Int+3}
rElec    .         Reflect  .   (no cloak)
rCorr    .         Harm     .   d - +0 pair of gloves
MR       +....                  (no boots)
Stlth    +.........             (no amulet)
HPRegen  0.25/turn              b - ring of wizardry
MPRegen  0.20/turn              (no ring)

@: about to teleport, slowed, very slow
A: no food or potions, fire vulnerability, cold resistance 1, negative energy
resistance 3, torment resistance, unbreathing
a: Potion Petition, Call Merchant, Bribe Branch, Renounce Religion


You were in an ice cave.
You worshipped Gozag.
Gozag was pleased with you.
You were not hungry.

You visited 1 branch of the dungeon, and saw 11 of its levels.
You also visited: Ice Cave.

You collected 2164 gold pieces.
You spent 486 gold pieces at shops.
You paid 749 gold pieces to Gozag.

Inventory:

Hand Weapons
 k - a +2 lajatang of speed (weapon)
 m - the +6 shortbow of Grandeur {flame, Str+4 SInv}
   (You found it on level 7 of the Dungeon)

   It causes projectiles fired from it to burn those they strike, causing extra
   injury to most foes and up to half again as much damage against particularly
   susceptible opponents.
   It affects your strength (+4).
   It lets you see invisible.
Missiles
 h - 56 poisoned needles
Armour
 d - a +0 pair of gloves (worn)
 g - a +0 ring mail
 i - a +2 helmet of intelligence (worn)
 n - the +5 scale mail of Loss {-Tele Regen+ MP+9 Str+3}
   (You found it on level 8 of the Dungeon)

   It affects your strength (+3).
   It affects your magic capacity (+9).
   It prevents most forms of teleportation.
   It increases your rate of regeneration.
 q - a +3 leather armour (worn)
Jewellery
 b - a ring of wizardry (left hand)
Wands
 r - a wand of disintegration (15)
Scrolls
 a - 5 scrolls of remove curse
 c - 2 scrolls of fog
 e - 5 scrolls of identify
 f - 2 scrolls of immolation


   Skills:
 * Level 11.0 Fighting
   Level 3.6(5.2) Maces & Flails
 + Level 5.7(6.3) Staves
 - Level 0.7 Armour
 - Level 1.5 Dodging
 * Level 12.8 Spellcasting
 - Level 2.4 Charms


You had 24 spell levels left.
You knew the following spells:

 Your Spells              Type           Power        Failure   Level  Hunger
a - Infusion              Chrm           ###.         1%          1    N/A
b - Song of Slaying       Chrm           ###.....     1%          2    N/A
c - Shroud of Golubria    Chrm/Tloc      ###.......   2%          2    N/A
d - Spectral Weapon       Hex/Chrm       ###.....     4%          3    N/A
e - Ozocubu's Armour      Chrm/Ice       ###.....     4%          3    N/A

Your spell library contained the following spells:

 Spells                   Type           Power        Failure   Level  Hunger
 Flame Tongue             Conj/Fire      ##...        2%          1    N/A
 Freeze                   Ice            ##..         2%          1    N/A
 Throw Flame              Conj/Fire      ##....       4%          2    N/A
 Throw Frost              Conj/Ice       ##....       4%          2    N/A
 Conjure Flame            Conj/Fire      ##......     9%          3    N/A
 Inner Flame              Hex/Fire       ##......     9%          3    N/A
 Sticky Flame             Conj/Fire      ##......     26%         4    N/A
 Summon Ice Beast         Ice/Summ       ##......     26%         4    N/A
 Throw Icicle             Conj/Ice       ##......     26%         4    N/A
 Fireball                 Conj/Fire      ##........   56%         5    N/A
 Regeneration             Chrm/Necr      Unusable     N/A         3    N/A

Dungeon Overview and Level Annotations

Branches:
Dungeon (11/15)            Temple (0/1) D:6            Lair (0/6) D:11
    Orc: D:9-12

Altars:
Ashenzari
Dithmenos
Elyvilon
Gozag
Nemelex Xobeh
Okawaru
Qazlal
Ru
Trog
Uskayaw
Vehumet
Wu Jian
Yredelemnul

Shops:
D:4 (   D:7 (   D:9 [

Annotations:
D:4 Lajatang
D:10 Erolcha
D:11 3 runed translucent doors, Skippwaahh's ghost, journeyman TeAE


Innate Abilities, Weirdness & Mutations

You do not eat or drink.
Your flesh is vulnerable to fire.
You are immune to poison.
Your flesh is cold resistant. (rC+)
You are immune to negative energy. (rN+++)
You are immune to unholy pain and torment.
You can survive without breathing.


Message History

Your spectral weapon fades away.
You draw out your weapon's spirit!
The freezing wraith hits you. The freezing wraith freezes you. You resist.
The freezing wraith hits you. The freezing wraith drains your vigour!
You feel as though you will be slow longer.
The freezing wraith hits you. The freezing wraith freezes you! You resist.
* * * LOW HITPOINT WARNING * * *
The freezing wraith hits you but does no damage.
As you read the scroll of teleportation, it crumbles to dust.
You feel strangely unstable. The freezing wraith hits you!
* * * LOW HITPOINT WARNING * * *
The freezing wraith freezes you! You resist.
* * * LOW HITPOINT WARNING * * *
The freezing wraith hits you.
* * * LOW HITPOINT WARNING * * *
The freezing wraith drains your vigour!
You feel as though you will be slow longer.
The freezing wraith hits you!
You die...
Your body crumbles into a pile of gold.

######
##....###
#.......###
##..###...##
##..###...##
##..###...##
#...###...###
# ##..#
##....## ###
###...#
##(@W.#
..###....##
###W.#
........##
...#
.....####
...## ....##
..### ...##
.## #.## .#
### ## #


You could see 2 freezing wraiths and a friendly spectral +2 lajatang of speed.

Vanquished Creatures
  A rime drake (D:11)
  2 freezing wraiths (IceCv)
  A wolf spider simulacrum (IceCv)
  3 hippogriffs
  A snapping turtle (D:9)
  Sigmund (D:3)
  A hungry ghost (D:9)
  3 death yak simulacra (IceCv)
  3 wargs (D:11)
  5 orc warriors
  8 ice beasts
  2 black bears
  A necrophage (D:9)
  3 sky beasts
  2 phantoms
  9 ogres
  5 centaurs
  A big kobold (D:8)
  7 bullfrogs
  5 scorpions
  3 killer bees (D:10)
  A howler monkey (D:5)
  A bullfrog zombie (D:6)
  6 crimson imps
  2 centaur zombies (D:8)
  9 orc wizards
  7 orc priests
  4 hounds
  A bullfrog skeleton (D:7)
  4 centaur skeletons
  Natasha (thrice) (D:2)
  2 iguanas (D:6)
  6 worker ants
  Terence (D:2)
  Robin (D:4)
  11 gnolls
  11 adders
  4 shadow imps
  5 white imps (IceCv)
  2 oozes
  An adder skeleton (D:9)
  2 adder zombies
  A worm (D:4)
  4 dart slugs
  7 leopard geckos
  41 orcs
  A ball python (D:3)
  14 bats
  3 giant cockroaches
  18 goblins
  9 hobgoblins
  7 jackals
  3 quokkas
  6 frilled lizards
  19 kobolds
  A leopard gecko skeleton (D:6)
  2 quokka skeletons
  A quokka zombie (D:9)
  10 rats
298 creatures vanquished.

Vanquished Creatures (others)
  A rime drake (D:11)
  An orc priest (D:7)
  A centaur skeleton (D:7)
  A spectral weapon (IceCv)
4 creatures vanquished.

Grand Total: 302 creatures vanquished

Notes
Turn   | Place    | Note
-------+----------+-------------------------------------------
     0 | D:1      | Amplified the Mummy Skald began the quest for the Orb.
     0 | D:1      | Reached XP level 1. HP: 16/16 MP: 4/4
   191 | D:1      | Reached skill level 3 in Spellcasting
   225 | D:1      | Reached XP level 2. HP: 10/22 MP: 1/6
  1191 | D:2      | Reached XP level 3. HP: 24/28 MP: 3/7
  1195 | D:2      | Learned a level 2 spell: Song of Slaying
  1198 | D:2      | Learned a level 2 spell: Shroud of Golubria
  1202 | D:2      | Learned a level 3 spell: Spectral Weapon
  1215 | D:2      | Noticed Natasha
  1231 | D:2      | Killed Natasha
  1300 | D:2      | Noticed Natasha
  1305 | D:2      | Killed Natasha
  1305 | D:2      | Reached XP level 4. HP: 21/35 MP: 5/9
  1365 | D:2      | Reached skill level 4 in Spellcasting
  1811 | D:2      | Noticed Terence
  1883 | D:2      | Killed Terence
  2047 | D:2      | Reached XP level 5. HP: 41/41 MP: 11/11
  2297 | D:2      | Noticed Natasha
  2324 | D:2      | Killed Natasha
  2722 | D:4      | Noticed Robin
  2792 | D:4      | Found a white marble altar of Elyvilon.
  2802 | D:4      | HP: 2/41 [scorpion (7)]
  3103 | D:4      | Found Gifreiso's Antique Weapon Emporium.
  3145 | D:4      | Killed Robin
  3327 | D:4      | Noticed an ogre
  3675 | D:3      | Found a bloodstained altar of Trog.
  3695 | D:3      | Reached XP level 6. HP: 40/48 MP: 9/13
  3829 | D:3      | Reached skill level 5 in Spellcasting
  4092 | D:4      | Found a sparkling altar of Nemelex Xobeh.
  4331 | D:4      | Found a shattered altar of Ashenzari.
  4331 | D:4      | Found a stormy altar of Qazlal.
  4332 | D:4      | Found an opulent altar of Gozag.
  4332 | D:4      | Found a basalt altar of Yredelemnul.
  4342 | D:4      | Became a worshipper of Gozag Ym Sagoz the Greedy
  4589 | D:3      | Reached XP level 7. HP: 45/55 MP: 11/15
  4621 | D:3      | Noticed Sigmund
  4729 | D:5      | Entered Level 5 of the Dungeon
  4867 | D:5      | Reached skill level 6 in Spellcasting
  4943 | D:5      | Reached skill level 5 in Fighting
  4943 | D:5      | Reached skill level 1 in Staves
  5452 | D:5      | Reached skill level 7 in Spellcasting
  5703 | D:3      | Killed Sigmund
  5703 | D:3      | Reached XP level 8. HP: 53/64 MP: 16/19
  6391 | D:4      | Bought a glowing lajatang for 486 gold pieces
  6489 | D:6      | Reached skill level 8 in Spellcasting
  6638 | D:6      | Found a sacrificial altar of Ru.
  6937 | D:6      | Reached skill level 9 in Spellcasting
  7023 | D:6      | Found a staircase to the Ecumenical Temple.
  7071 | D:6      | Reached XP level 9. HP: 59/72 MP: 22/22
  7524 | D:7      | Found Nehianom's Weapon Emporium.
  7562 | D:7      | Found an iron altar of Okawaru.
  7629 | D:7      | Found a radiant altar of Vehumet.
  7650 | D:7      | Reached skill level 10 in Spellcasting
  8212 | D:7      | Got an ebony shortbow
  8213 | D:7      | Identified the +6 shortbow of Grandeur {flame, Str+4 SInv}
                  | (You found it on level 7 of the Dungeon)
  8396 | D:8      | Found a shadowy altar of Dithmenos.
  8463 | D:8      | Found a hide-covered altar of Uskayaw.
  8484 | D:8      | Identified the +5 scale mail of Loss {-Tele Regen+ MP+9
                  | Str+3} (You found it on level 8 of the Dungeon)
  8514 | D:8      | Found an ornate altar of the Wu Jian Council.
  9300 | D:8      | Found a sacrificial altar of Ru.
  9609 | D:8      | Reached XP level 10. HP: 68/83 MP: 24/24
  9653 | D:9      | Reached skill level 11 in Spellcasting
  9791 | D:9      | Noticed Erica
  9890 | D:9      | Learned a level 3 spell: Ozocubu's Armour
 10313 | D:9      | Noticed Erica
 10313 | D:9      | Erica changed into Erica the snapping turtle
 10334 | D:9      | Killed Erica the snapping turtle
 10708 | D:10     | Entered Level 10 of the Dungeon
 10768 | D:10     | Reached skill level 5 in Staves
 10777 | D:10     | Reached skill level 10 in Fighting
 10899 | D:10     | Noticed Erolcha
 10904 | D:10     | Paralysed by Erolcha for 6 turns
 10926 | D:11     | Noticed a brown ugly thing
 10963 | D:11     | Found a staircase to the Lair.
 10968 | D:11     | Reached skill level 12 in Spellcasting
 11175 | D:11     | Noticed a minotaur
 11191 | D:11     | Found a runed translucent gate.
 11191 | D:11     | Found a runed translucent gate.
 11191 | D:11     | Found a runed translucent gate.
 11191 | D:11     | Noticed a cyclops
 11193 | D:11     | Noticed Skippwaahh's ghost (journeyman TeAE)
 11298 | D:11     | Found a frozen archway.
 11312 | IceCv    | Entered an ice cave
 11337 | IceCv    | Reached XP level 11. HP: 92/92 MP: 18/27
 11596 | IceCv    | Slain by a freezing wraith

Skill      XL: |  1  2  3  4  5  6  7  8  9 10 11 |
---------------+----------------------------------+-----
Spellcasting   | 3 4 5 7 9 10 12 | 12.8
Maces & Flails | 2 3 |  3.6
Fighting       | 3 4 6 7 9 10 11 | 11.0
Staves         | 2 3 4 5 |  5.7
Armour         | |  0.7
Dodging        | |  1.5
Charms         | |  2.4

Action                   |  1- 3 |  4- 6 |  7- 9 | 10-12 || total
-------------------------+-------+-------+-------+-------++-------
Melee: Mace              |    77 |   215 |       |       ||   292
       Dagger            |       |    88 |   254 |       ||   342
       Quarterstaff      |       |       |     5 |       ||     5
       Lajatang          |       |       |   230 |   281 ||   511
Throw: Throwing net      |       |       |       |     1 ||     1
 Cast: Infusion          |    15 |    14 |       |       ||    29
       Spectral Weapon   |     1 |     9 |    28 |    20 ||    58
       Song of Slaying   |       |     4 |       |     2 ||     6
       Shroud of Golubri |       |     3 |     3 |     3 ||     9
       Ozocubu's Armour  |       |       |       |     8 ||     8
Invok: Potion Petition   |       |       |       |     1 ||     1
       Call Merchant     |       |       |       |     1 ||     1
Evoke: Wand              |       |       |       |    10 ||    10
  Use: Scroll            |     5 |     7 |     8 |     9 ||    29
 Stab: Distracted        |       |     2 |     4 |     1 ||     7
       Invisible         |       |       |       |     3 ||     3
       Held in net/web   |       |       |       |     2 ||     2
Armor: Leather armour    |    15 |       |       |    86 ||   101
       Ring mail         |     4 |   178 |   160 |    10 ||   352
Dodge: Dodged            |    47 |   234 |   219 |   114 ||   614
